 Dungeon Sprint DCSS version 0.17-a0-1497-g03599f7 (webtiles) character file.

1097 nuthulu the Thaumaturge (level 8, -5/41 HPs)
             Began as a Deep Elf Fire Elementalist on July 6, 2015.
             Was a Priest of Vehumet.
             Slain by a wolf spider (10 damage)
             ... in the Dungeon (Sprint V: "Ziggurat Sprint").
             The game lasted 00:03:50 (586 turns).

nuthulu the Thaumaturge (Deep Elf Fire Elementalist) Turns: 586, Time: 00:03:50

Health: -5/41      AC:  2    Str:  6    XL:     8   Next: 10%
Magic:  8/27       EV: 10    Int: 34    God:    Vehumet [***...]
Gold:   0          SH:  9    Dex: 15    Spells: 5 memorised, 18 levels left

rFire  . . .     SeeInvis .     m - +5 quick blade
rCold  . . .     Clarity  .     a - +0 robe
rNeg   . . .     SustAt   .     J - +3 shield
rPois  .         Gourm    .     (no helmet)
rElec  .         Spirit   .     (no cloak)
rCorr  .         Warding  .     (no gloves)
rMut   .         NoTele   +     (no boots)
MR     .....                    (no amulet)
Stlth  ++........               F - +6 ring of intelligence
                                E - +6 ring of intelligence

@: lethally poisoned (-5 -> -35), marked, not resistant to hostile enchantments,
unstealthy
A: no striking features
a: Renounce Religion


You were in the Dungeon.
You worshipped Vehumet.
Vehumet was most pleased with you.
You were not hungry.

You visited 1 branch

Inventory:

Hand weapons
 m - a +5 quick blade (weapon)
Armour
 a - a +0 robe (worn)
 J - a +3 shield (worn)
Jewellery
 C - a +6 ring of dexterity
 D - a +6 ring of dexterity
 E - a +6 ring of intelligence (left hand)
 F - a +6 ring of intelligence (right hand)
 G - a +6 ring of strength
 H - a +6 ring of strength
 I - an uncursed ring of flight
 L - the ring "Qoofykh" {rElec rF+}
   (You found it in the Dungeon)

   [ring of protection from fire]

   It protects you from fire.
   It insulates you from electricity.
Magical devices
 y - a wand of disintegration (7)
 z - a wand of fire (3)
 A - a wand of cold (5)
 B - a wand of draining (5)
Scrolls
 i - 4 scrolls of blinking
 p - 4 scrolls of amnesia
 q - 3 scrolls of recharging
 r - 7 scrolls of fog
 t - 5 scrolls of identify
 u - 5 scrolls of remove curse
 v - 2 scrolls of fear
Potions
 d - 8 potions of curing
 e - 8 potions of heal wounds
 f - 6 potions of haste
 g - 7 potions of magic
 h - 3 potions of berserk rage
 j - 2 potions of brilliance
 k - 2 potions of invisibility
 l - 4 potions of resistance
 n - 5 potions of agility
 o - 5 potions of might
Books
 b - a book of Flames

   Spells                             Type                      Level
   a - Flame Tongue                   Conjuration/Fire             1
   b - Throw Flame                    Conjuration/Fire             2
   c - Conjure Flame                  Conjuration/Fire             3
   d - Inner Flame                    Hexes/Fire                   3
   e - Sticky Flame                   Conjuration/Fire             4
   f - Fireball                       Conjuration/Fire             5
 s - the Grimoire of Flight
   (You found it in the Dungeon)

   Spells                             Type                      Level
   a - Repel Missiles                 Charms/Air                   2
   b - Static Discharge               Conjuration/Air              3
   c - Lightning Bolt                 Conjuration/Air              5
   d - Silence                        Hexes/Air                    5
Miscellaneous
 K - an ornate deck of summoning {drawn: 2}
Comestibles
 c - 5 bread rations
 w - 42 fruits
 x - 4 meat rations


   Skills:
 - Level 2.4 Dodging
 - Level 2.4 Stealth
 + Level 13.3 Spellcasting
 + Level 11.3 Conjurations
 + Level 11.6 Fire Magic


You had 18 spell levels left.
You knew the following spells:

 Your Spells              Type           Power        Failure   Level  Hunger
a - Flame Tongue          Conj/Fire      #####        1%          1    None
b - Throw Flame           Conj/Fire      ######       1%          2    None
c - Fireball              Conj/Fire      #######...   1%          5    None
d - Repel Missiles        Chrm/Air       ###...       24%         2    None
e - Lightning Bolt        Conj/Air       ######....   10%         5    None


Dungeon Overview and Level Annotations

Branches:
Dungeon (1/1)

Altars:
Ashenzari
Cheibriados
Dithmenos
Elyvilon
Fedhas
Gozag
Kikubaaqudgha
Makhleb
Nemelex Xobeh
Okawaru
Qazlal
Ru
Sif Muna
Trog
Vehumet
Xom
Yredelemnul
Zin
The Shining One
Beogh
Jiyva
Lugonu


Message History

The bolt of lightning hits the wolf spider.
The wolf spider is almost dead.
The green ugly thing gores you!
* * * LOW HITPOINT WARNING * * *
The vault sentinel blows a loud note on a signal horn!
The wolf spider barely misses you. You block the wolf spider's attack.
Casting: Lightning Bolt
Confirm with . or Enter, or press ? or * to list all spells.
Okay, then.
Drink which item? (? for menu, Esc to quit)
You feel much better. The wolf spider hits you!
* * * LOW HITPOINT WARNING * * *
The wolf spider completely misses you. The green ugly thing gores you.
* * * LOW HITPOINT WARNING * * *
You are lethally poisoned!
The green ugly thing poisons you!
The ironbrand convoker begins to recite a word of recall!
You block the boulder beetle's attack. You block the wolf spider's attack.
The wolf spider bites you!
You die...

▓.....▓.....▓▓▓▓▓▓▓
▓▓▓▓▓▓▓▓▓▓▓▓▓▓▓▓▓▓▓
▓..8©8...▓..8©8...▓
▓..)}=...▓..?))...▓
▓...†....▓..).=...▓
▓........▓........▓
▓........▓..pp....▓
▓.▓....▓.▓.▓sBu.▓.▓
▓........▓...@....▓
▓▓▓▓▓▓▓▓▓▓▓▓▓▓▓▓▓▓▓


You could see a boulder beetle, a green ugly thing, a wolf spider, a vault
sentinel and an ironbrand convoker.

Vanquished Creatures
  A hungry ghost (D)
  2 steam dragons (D)
  2 swamp drakes (D)
  2 adders (D)
  A white imp (D)
  A ball python (D)
9 creatures vanquished.

Vanquished Creatures (collateral kills)
  A deep elf knight (D)
  2 deep elf magi (D)
  A deep elf fighter (D)
4 creatures vanquished.

Grand Total: 13 creatures vanquished

Notes
Turn   | Place    | Note
--------------------------------------------------------------
     0 | D        | nuthulu the Deep Elf Fire Elementalist began the quest for the Orb.
     0 | D        | Reached XP level 1. HP: 10/10 MP: 6/6
     1 | D        | Found a roughly hewn altar of Beogh.
     1 | D        | Found a viscous altar of Jiyva.
     1 | D        | Found a corrupted altar of Lugonu.
     1 | D        | Found a white marble altar of Elyvilon.
     1 | D        | Found a sparkling altar of Nemelex Xobeh.
     2 | D        | Found a burning altar of Makhleb.
     2 | D        | Found an iron altar of Okawaru.
     2 | D        | Found a deep blue altar of Sif Muna.
     2 | D        | Found a radiant altar of Vehumet.
     2 | D        | Found a bloodstained altar of Trog.
     2 | D        | Found a shimmering altar of Xom.
    19 | D        | Reached skill level 6 in Spellcasting
    19 | D        | Reached skill level 5 in Fire Magic
    19 | D        | Reached XP level 2. HP: 15/15 MP: 7/11
    23 | D        | Learned a level 2 spell: Throw Flame
    57 | D        | Became a worshipper of Vehumet
   113 | D        | Entered arena 1.
   113 | D        | Noticed a hungry ghost
   115 | D        | Killed a hungry ghost
   115 | D        | Reached skill level 9 in Spellcasting
   115 | D        | Reached XP level 3. HP: 19/19 MP: 10/15
   115 | D        | Reached XP level 4. HP: 24/24 MP: 11/17
   115 | D        | Reached XP level 5. HP: 28/28 MP: 11/18
   122 | D        | Learned a level 5 spell: Fireball
   163 | D        | Entered arena 2.
   164 | D        | Acquired Vehumet's first power
   164 | D        | Offered knowledge of Magic Dart by Vehumet.
   179 | D        | Identified the Grimoire of Flight (You found it in the Dungeon)
   183 | D        | Learned a level 2 spell: Repel Missiles
   188 | D        | Entered arena 3.
   188 | D        | Noticed a deep elf knight
   188 | D        | Noticed a deep elf mage
   188 | D        | Noticed a deep elf fighter
   188 | D        | Noticed a deep elf mage
   192 | D        | Killed a deep elf mage
   192 | D        | Reached skill level 10 in Spellcasting
   195 | D        | Killed a deep elf fighter
   195 | D        | Reached XP level 6. HP: 32/32 MP: 18/21
   196 | D        | Killed a deep elf mage
   196 | D        | Reached skill level 11 in Spellcasting
   197 | D        | Killed a deep elf knight
   197 | D        | Reached skill level 12 in Spellcasting
   197 | D        | Reached skill level 10 in Conjurations
   197 | D        | Reached skill level 10 in Fire Magic
   197 | D        | Reached XP level 7. HP: 36/36 MP: 18/24
   421 | D        | Entered arena 4.
   421 | D        | Noticed a steam dragon
   421 | D        | Noticed a swamp drake
   421 | D        | Noticed a swamp drake
   421 | D        | Noticed a steam dragon
   423 | D        | Killed a swamp drake
   423 | D        | Offered knowledge of Freeze by Vehumet.
   423 | D        | Acquired Vehumet's second power
   423 | D        | Killed a steam dragon
   428 | D        | Killed a swamp drake
   428 | D        | Reached skill level 13 in Spellcasting
   429 | D        | Killed a steam dragon
   429 | D        | Reached XP level 8. HP: 20/41 MP: 12/27
   470 | D        | Got the ring "Qoofykh" {rElec rF+}
   576 | D        | Learned a level 5 spell: Lightning Bolt
   580 | D        | Entered arena 5.
   580 | D        | Noticed an ironbrand convoker
   580 | D        | Noticed a wolf spider
   580 | D        | Noticed a green ugly thing
   580 | D        | Noticed a vault sentinel
   580 | D        | Noticed a boulder beetle
   585 | D        | HP: 1/41 [green ugly thing (11)]
   586 | D        | Slain by a wolf spider

Vault maps used:
D:        sprint_v

Action                   |  1- 3 |  4- 6 |  7- 9 || total
-------------------------+-------+-------+-------++-------
 Cast: Flame Tongue      |       |     2 |     4 ||     6
       Fireball          |       |       |     3 ||     3
       Lightning Bolt    |       |       |     3 ||     3
Evoke: Wand              |       |     2 |       ||     2
       Deck              |       |     2 |       ||     2
  Use: Potion            |     1 |       |     4 ||     5
       Scroll            |     1 |       |       ||     1
